 Dungeon Crawl Stone Soup version 0.25-a0-496-g8c4878d (webtiles) character file.

Game seed: 15497687041785474021, levelgen mode: deterministic

84981 DrEnzyme the Sharpshooter (level 15, -4/150 HPs)
             Began as a Tengu Wanderer on Feb 9, 2020.
             Was the Champion of Makhleb.
             Slain by an entropy weaver (11 damage)
             ... on level 1 of the Spider Nest on Feb 11, 2020.
             The game lasted 01:44:26 (32130 turns).

DrEnzyme the Sharpshooter (Tengu Wanderer)         Turns: 32130, Time: 01:44:27

Health: -4/150     AC: 11    Str: 25    XL:     15   Next: 82%
Magic:  20/20      EV: 19    Int: 14    God:    Makhleb [******]
Gold:   1881       SH:  6    Dex: 19    Spells: 14/14 levels left

rFire    + + .     SeeInvis .   a - +2 war axe (holy)
rCold    + . .     Gourm    .   r - +0 buckler
rNeg     . . .     Faith    .   I - +3 scale mail {MR+}
rPois    +         Spirit   .   (helmet restricted)
rElec    .         Reflect  .   P - scarf {rC+ rF+}
rCorr    .         Harm     .   o - +2 pair of gloves
MR       ++...                  (boots unavailable)
Stlth    ..........             Q - amulet of regeneration
HPRegen  0.75/turn              x - ring "Devyrury" {+Inv rF+ Int+2 Dex+6 Slay+3}
MPRegen  0.17/turn              l - ring of poison resistance

@: berserking, corroded, flying quickly and evasively, very quick
A: beak, talons 3, able to fly
a: Stop Flying, Minor Destruction, Lesser Servant of Makhleb, Major Destruction,
Greater Servant of Makhleb, Renounce Religion, Evoke Invisibility


You were on level 1 of the Spider Nest.
You worshipped Makhleb.
Makhleb was exalted by your worship.
You were not hungry.

You visited 5 branches of the dungeon, and saw 23 of its levels.
You also visited: Bailey and Ice Cave.

You collected 2951 gold pieces.
You spent 1070 gold pieces at shops.

Inventory:

Hand Weapons
 a - a +2 war axe of holy wrath (weapon)
 b - the +5 hand crossbow "Viqiwof" {elec, Str+3}
   (You bought it in a shop on level 2 of the Orcish Mines)

   It charges the ammunition it shoots with electricity; occasionally upon a
   hit, such missiles may discharge and cause terrible harm.
   It affects your strength (+3).
 c - a +0 hand crossbow of freezing
 w - a +1 vorpal war axe
Missiles
 e - 45 bolts
 z - 4 throwing nets (quivered)
Armour
 o - a +2 pair of gloves (worn)
 r - a +0 buckler (worn)
 I - a +3 scale mail of magic resistance (worn)
 P - a scarf of resistance (worn)
Jewellery
 d - an uncursed ring of magical power
 l - a ring of poison resistance (right hand)
 q - an uncursed amulet of guardian spirit {unknown}
 x - the ring "Devyrury" (left hand) {+Inv rF+ Int+2 Dex+6 Slay+3}
   (You found it on level 2 of the Orcish Mines)

   [ring of protection from fire]

   It affects your intelligence (+2).
   It affects your dexterity (+6).
   It affects your accuracy and damage with ranged weapons and melee attacks
   (+3).
   It protects you from fire.
   It lets you turn invisible.
 G - a cursed amulet of inaccuracy {unknown}
 Q - an amulet of regeneration (around neck)
 R - an uncursed ring of protection from magic
 S - an uncursed ring of ice
Wands
 B - a wand of paralysis (1)
 C - a wand of acid (8)
 E - a wand of iceblast (8)
 H - a wand of polymorph (13)
 K - a wand of flame (4)
 N - a wand of disintegration (7)
 O - a wand of random effects (22)
Scrolls
 g - 2 scrolls of holy word
 i - a scroll of identify
 p - 13 scrolls of remove curse
 s - a scroll of fog
 v - 4 scrolls of amnesia
 y - a scroll of enchant armour
 D - 2 scrolls of blinking {unknown}
 J - 3 scrolls of teleportation
Potions
 h - a potion of might
 j - a potion of agility
 k - 2 potions of resistance
 m - 2 potions of mutation
 t - a potion of magic {unknown}
 u - a potion of cancellation
 F - 3 potions of degeneration {unknown}
 M - 5 potions of curing
Miscellaneous
 A - a lamp of fire
Comestibles
 f - 48 rations


   Skills:
 + Level 14.0 Fighting
 + Level 12.5 Axes
 + Level 15.4 Crossbows
 - Level 1.0 Throwing
 + Level 11.8 Armour
 + Level 7.7 Dodging
 + Level 5.4 Stealth
 - Level 4.0 Shields
 + Level 5.9 Invocations
 * Level 2.1 Evocations


You had 14 spell levels left.
You didn't know any spells.
Your spell library contained the following spells:

 Spells                   Type           Power        Failure   Level  Hunger
 Freeze                   Ice            #...         50%         1    ##.....
 Magic Dart               Conj           #...         50%         1    ##.....
 Sandblast                Erth           #.....       50%         1    ##.....
 Shock                    Conj/Air       #...         50%         1    ##.....
 Blink                    Tloc           N/A          63%         2    ###....
 Call Imp                 Summ           #.......     63%         2    ###....
 Passwall                 Tmut/Erth      #.......     63%         2    ###....
 Poisonous Vapours        Pois/Air       #.....       63%         2    ###....
 Slow                     Hex            #.......     63%         2    ###....
 Swiftness                Chrm/Air       #.......     63%         2    ###....
 Conjure Flame            Conj/Fire      #.......     86%         3    ####...
 Frozen Ramparts          Ice            #.....       86%         3    ####...
 Mephitic Cloud           Conj/Pois/Air  #.......     86%         3    ####...
 Ozocubu's Armour         Chrm/Ice       #.......     86%         3    ####...
 Static Discharge         Conj/Air       #.......     86%         3    ####...
 Stone Arrow              Conj/Erth      #.....       86%         3    ####...
 Airstrike                Air            #.........   99%         4    #####..
 Hailstorm                Conj/Ice       #.......     99%         4    #####..
 Petrify                  Tmut/Erth      #.......     99%         4    #####..
 Summon Ice Beast         Ice/Summ       #.......     99%         4    #####..
 Lee's Rapid Deconstruct  Erth           #.........   100%        5    ######.
 Lightning Bolt           Conj/Air       #.........   100%        5    ######.
 Freezing Cloud           Conj/Ice/Air   #.........   100%        6    #######
 Ring of Flames           Chrm/Fire      #.........   100%        7    #######


Dungeon Overview and Level Annotations

Branches:
Dungeon (13/15)            Temple (1/1) D:4            Lair (6/6) D:9
 Shoals (0/4) Lair:3       Spider (1/4) Lair:4        Slime (0/5) Lair:6
    Orc (2/2) D:11            Elf (0/3) Orc:2        Vaults (0/5) D:13
 Bailey (visited)           IceCv (visited)

Altars:
Ashenzari
Cheibriados
Dithmenos
Elyvilon
Fedhas
Gozag
Hepliaklqana
Kikubaaqudgha
Makhleb
Nemelex Xobeh
Okawaru
Qazlal
Ru
Sif Muna
Trog
Uskayaw
Vehumet
Wu Jian
Xom
Yredelemnul
Zin
The Shining One
Beogh
Jiyva

Shops:
D:4 *   Orc:2 :%=(%}:(

Annotations:
D:5 1 runed translucent door, Gigglenaut's ghost, amateur OgEE
D:6 exclusion: upstairs
D:9 exclusion: 2 doors
D:10 exclusion: downstairs
D:11 exclusion: 2 oklob plants
D:12 exclusion: 2 downstairs
D:13 Rupert; Urug
Orc:2 3 runed translucent doors, alcopop's ghost, journeyman DsEn


Innate Abilities, Weirdness & Mutations

You have a beak for a mouth.
You have claws for feet.
You can fly continuously.


Message History

The entropic weave corrodes you!
You slash the entropy weaver! You peck the entropy weaver.
The entropy weaver is heavily wounded.
The entropy weaver hits you.
* * * LOW HITPOINT WARNING * * *
The entropy weaver hits you.
* * * LOW HITPOINT WARNING * * *
The entropy weaver hits you!
* * * LOW HITPOINT WARNING * * *
The entropy weaver misses you.
You barely miss the entropy weaver. Your kick misses the entropy weaver.
The entropy weaver is heavily wounded.
The entropy weaver hits you.
* * * LOW HITPOINT WARNING * * *
The entropy weaver hits you!
* * * LOW HITPOINT WARNING * * *
The entropy weaver hits you.
* * * LOW HITPOINT WARNING * * *
The entropy weaver hits you!
You die...

#################
#........#......##
#................###
#.............#^...#
###..............(..
#@...###..#...##..
#a...........[....
.....#.............
...#..^..#..........
.............(......
.........##..####...#
#..............#......
##### .#.... ........
#.......


You could see an entropy weaver.

Vanquished Creatures
  Kirke (D:12)
  Nessos (Lair:5)
  Azrael (D:12)
  Snorg (D:12)
  Erolcha (Orc:2)
  Fannar (Lair:2)
  Harold (D:10)
  5 hydras
  A catoblepas (Lair:6)
  A centaur warrior (D:10)
  4 orc high priests (Orc:2)
  10 death yaks
  An unseen horror (D:11)
  11 orc knights
  2 orb spiders (Spider:1)
  6 orc sorcerers
  4 wolf spiders (Spider:1)
  3 manticores
  5 ugly things
  4 centaur zombies
  16 elephants
  Joseph (Lair:1)
  2 black mambas
  6 spiny frogs
  A gargoyle (D:12)
  6 rime drakes
  8 komodo dragons
  Maggie (D:6)
  6 polar bears
  A jumping spider (Spider:1)
  A hornet (Lair:6)
  A queen bee (D:10)
  7 trolls
  Grinder (D:6)
  12 hippogriffs
  25 blink frogs
  12 dream sheep
  Sigmund (D:4)
  4 redbacks
  45 yaks
  3 wyverns
  A spriggan (Lair:3)
  Eustachio (D:6)
  2 hogs (D:12)
  8 tarantellas
  A vampire (D:12)
  2 fire elementals (D:12)
  A hungry ghost (D:11)
  A basilisk (Lair:1)
  6 wargs
  An acid dragon (D:11)
  5 hell hounds (D:12)
  A soldier ant (D:12)
  14 water moccasins
  9 porcupines
  28 orc warriors
  3 sky beasts
  An eye of draining (D:11)
  17 ice beasts
  2 black bears
  12 ogres
  21 killer bees (D:10)
  A phantom (D:11)
  15 wolves
  8 centaurs
  16 crocodiles
  2 big kobolds
  Blork the orc (D:6)
  10 bullfrogs
  A gnoll sergeant (D:11)
  A wyvern skeleton (D:10)
  3 scorpions
  3 howler monkeys
  2 electric eels
  3 crimson imps
  A quasit (D:11)
  2 hounds
  8 orc priests
  A gnoll shaman (D:4)
  2 jellies (D:11)
  2 bullfrog skeletons
  4 iguanas
  Terence (D:2)
  Natasha (thrice) (D:2)
  12 worker ants
  15 orc wizards
  2 hound zombies
  4 worker ant zombies
  7 gnolls
  2 howler monkey skeletons
  12 adders
  An adder zombie (D:6)
  5 worms
  3 dart slugs
  5 leopard geckos
  54 orcs
  5 bats
  4 giant cockroaches
  8 goblins
  7 hobgoblins
  7 jackals
  25 kobolds
  3 quokkas
  2 ball pythons
  2 frilled lizards
  3 rats
  10 fungi
  3 plants
652 creatures vanquished.

Vanquished Creatures (collateral kills)
  A killer bee (D:10)
  A gnoll (Bailey)
  A hobgoblin (Bailey)
3 creatures vanquished.

Vanquished Creatures (others)
  An orc warrior (Bailey)
  A killer bee (D:10)
  An orc priest (Orc:2)
  5 fungi
  9 plants
17 creatures vanquished.

Grand Total: 672 creatures vanquished

Notes
Turn   | Place    | Note
-------+----------+-------------------------------------------
     0 | D:1      | DrEnzyme the Tengu Wanderer began the quest for the Orb.
     0 | D:1      | DrEnzyme set off with the following items: a +0 hand
                  | crossbow, a lamp of fire, 25 bolts, a potion of
                  | lignification, a +0 robe, a ration
     0 | D:1      | Reached XP level 1. HP: 12/12 MP: 2/2
   179 | D:1      | Reached XP level 2. HP: 17/17 MP: 3/3
   722 | D:2      | Reached skill level 2 in Crossbows
   722 | D:2      | Reached XP level 3. HP: 21/21 MP: 4/4
   859 | D:2      | Noticed Natasha
   860 | D:2      | Killed Natasha
   860 | D:2      | Reached XP level 4. HP: 23/26 MP: 5/5
   901 | D:2      | Reached skill level 3 in Crossbows
  1213 | D:2      | Noticed Natasha
  1216 | D:2      | Killed Natasha
  1438 | D:2      | Gained mutation: You can fly continuously. [Tengu growth]
  1438 | D:2      | Reached XP level 5. HP: 30/30 MP: 6/6
  1525 | D:2      | Reached skill level 4 in Crossbows
  1557 | D:2      | Noticed Terence
  1574 | D:2      | Killed Terence
  2221 | D:2      | Noticed Natasha
  2230 | D:2      | Killed Natasha
  2789 | D:3      | Reached skill level 5 in Crossbows
  3198 | D:3      | Reached XP level 6. HP: 36/36 MP: 7/7
  3250 | D:3      | Reached skill level 1 in Dodging
  3550 | D:3      | Found a blossoming altar of Fedhas.
  4085 | D:4      | Noticed Sigmund
  4099 | D:4      | Killed Sigmund
  4099 | D:4      | Reached skill level 1 in Shields
  4163 | D:4      | Reached skill level 6 in Crossbows
  4163 | D:4      | Reached skill level 1 in Stealth
  4163 | D:4      | Reached XP level 7. HP: 41/41 MP: 8/8
  4278 | D:4      | Found a burning altar of Makhleb.
  4474 | D:4      | Found a staircase to the Ecumenical Temple.
  4494 | Temple   | Entered the Ecumenical Temple
  4728 | D:4      | Became a worshipper of Makhleb the Destroyer
  4764 | D:4      | Found Yxoaghae's General Store.
  4767 | D:4      | Bought a potion of might for 48 gold pieces
  4767 | D:4      | Bought a scroll of remove curse for 36 gold pieces
  4783 | D:5      | Entered Level 5 of the Dungeon
  5688 | D:5      | Reached skill level 7 in Crossbows
  5879 | D:5      | Reached XP level 8. HP: 33/48 MP: 9/9
  6379 | D:5      | Found a runed translucent door.
  6380 | D:5      | Noticed Gigglenaut's ghost (amateur OgEE)
  6435 | D:6      | Noticed Blork the orc
  6543 | D:5      | Found a bloodstained altar of Trog.
  7055 | D:6      | Reached * piety under Makhleb
  7055 | D:6      | Reached skill level 8 in Crossbows
  7157 | D:6      | Noticed Eustachio
  7208 | D:6      | Noticed Maggie
  7498 | D:7      | Found a hide-covered altar of Uskayaw.
  7533 | D:7      | Found an ancient bone altar of Kikubaaqudgha.
  7542 | D:7      | Found a hazy altar of Hepliaklqana.
  7565 | D:7      | Found an ancient bone altar of Kikubaaqudgha.
  8323 | D:8      | Reached skill level 9 in Crossbows
  8323 | D:8      | Reached XP level 9. HP: 53/53 MP: 10/10
  8335 | D:8      | Found a burning altar of Makhleb.
  8355 | D:8      | Reached skill level 5 in Fighting
  8395 | D:8      | Found a flagged portal.
  8405 | Bailey   | Entered a bailey
  8722 | Bailey   | Noticed an orc knight
  8769 | Bailey   | Killed an orc knight
  8769 | Bailey   | Reached skill level 10 in Crossbows
  9326 | D:8      | Reached ** piety under Makhleb
  9637 | D:9      | Found an opulent altar of Gozag.
  9846 | D:9      | Noticed a troll
  9858 | D:9      | Killed a troll
 10074 | D:9      | Reached skill level 11 in Crossbows
 10078 | D:9      | Reached XP level 10. HP: 61/61 MP: 11/11
 10225 | D:9      | Found a staircase to the Lair.
 10580 | D:10     | Entered Level 10 of the Dungeon
 10851 | D:10     | Upgraded the game from 0.25-a0-482-g9b3b753 to
                  | 0.25-a0-489-g9ae84a0
 10878 | Lair:1   | Entered Level 1 of the Lair of Beasts
 11195 | D:10     | Reached *** piety under Makhleb
 11905 | D:10     | Noticed Harold
 11921 | D:10     | Killed Harold
 11989 | D:10     | Noticed a centaur warrior
 12075 | D:10     | Reached XP level 11. HP: 69/69 MP: 12/12
 12080 | D:10     | Noticed a green ugly thing
 12119 | D:10     | Reached skill level 12 in Crossbows
 12254 | D:10     | Killed a centaur warrior
 12259 | D:10     | Killed a green ugly thing
 13336 | Lair:1   | Reached skill level 1 in Axes
 13892 | Lair:1   | Reached skill level 10 in Fighting
 14260 | Lair:1   | Noticed Joseph
 14264 | Lair:1   | Killed Joseph
 14689 | Lair:2   | Reached **** piety under Makhleb
 14753 | Lair:2   | Reached skill level 13 in Crossbows
 14766 | Lair:2   | Reached XP level 12. HP: 77/78 MP: 13/13
 14904 | Lair:2   | Noticed Fannar
 14939 | Lair:2   | Killed Fannar
 15212 | Lair:2   | Reached skill level 5 in Axes
 16100 | Lair:3   | Found a staircase to the Shoals.
 16571 | Lair:3   | Noticed a six-headed hydra
 16704 | Lair:3   | Killed a six-headed hydra
 16892 | Lair:3   | Reached skill level 5 in Dodging
 17834 | D:4      | Bought 14 bolts for 33 gold pieces
 17834 | D:4      | Bought an uncursed ring of protection from magic for 300
                  | gold pieces
 18280 | Lair:4   | Found a hole to the Spider Nest.
 18360 | Lair:4   | Reached XP level 13. HP: 84/84 MP: 14/14
 18370 | Lair:4   | Reached skill level 10 in Armour
 18694 | Lair:4   | Reached skill level 14 in Crossbows
 19243 | Lair:4   | Reached ***** piety under Makhleb
 19605 | Lair:5   | Found a frozen archway.
 19741 | IceCv    | Entered an ice cave
 19766 | IceCv    | Found a transporter.
 20209 | Lair:5   | Reached skill level 10 in Axes
 21157 | D:11     | Paralysed by a floating eye for 4 turns
 21207 | D:11     | Paralysed by a floating eye for 4 turns
 21481 | Lair:5   | Reached skill level 1 in Invocations
 21487 | Lair:5   | Noticed Nessos
 21507 | Lair:5   | Reached XP level 14. HP: 92/92 MP: 15/15
 21657 | Lair:5   | Killed Nessos
 22190 | Lair:6   | Entered Level 6 of the Lair of Beasts
 23623 | D:11     | Reached ****** piety under Makhleb
 23722 | D:11     | Found a staircase to the Orcish Mines.
 24001 | Orc:1    | Entered Level 1 of the Orcish Mines
 24011 | Orc:1    | Upgraded the game from 0.25-a0-489-g9ae84a0 to
                  | 0.25-a0-496-g8c4878d
 24760 | Orc:2    | Entered Level 2 of the Orcish Mines
 24782 | Orc:2    | Found Cexeiw's Gadget Emporium.
 24808 | Orc:2    | Found Rokhlumusm's Book Shoppe.
 24832 | Orc:2    | Found a burning altar of Makhleb.
 24859 | Orc:2    | Found a runed translucent gate.
 24860 | Orc:2    | Found a runed translucent gate.
 24871 | Orc:2    | Noticed alcopop's ghost (journeyman DsEn)
 24874 | Orc:2    | Found a runed translucent gate.
 24876 | Orc:2    | Identified the +8 plate armour "Cyebruz" {Int+4}
 24881 | Orc:2    | Found a roughly hewn altar of Beogh.
 24882 | Orc:2    | Found the ring of Robustness {AC+8}
 24950 | Orc:2    | Found Debrios's Book Emporium.
 24950 | Orc:2    | Found a staircase to the Elven Halls.
 24981 | Orc:2    | Found Dezxabao's Antique Weapon Boutique.
 25016 | Orc:2    | Bought a scorched hand crossbow for 204 gold pieces
 25016 | Orc:2    | Identified the +5 hand crossbow "Viqiwof" {elec, Str+3}
                  | (You bought it in a shop on level 2 of the Orcish Mines)
 25680 | Orc:2    | Noticed Erolcha
 25839 | Orc:2    | Killed Erolcha
 26662 | Orc:2    | Reached skill level 15 in Crossbows
 26903 | Orc:2    | Found Hulom's Food Boutique.
 26912 | Orc:2    | Found Saifra's Antique Weapon Shoppe.
 26921 | Orc:2    | Found Eficzut's Jewellery Shoppe.
 26923 | Orc:2    | Found Jushu Casti's Food Boutique.
 26929 | Orc:2    | Bought an uncursed ring of poison resistance for 300 gold
                  | pieces
 26981 | Orc:2    | Bought a runed hand crossbow for 149 gold pieces
 27652 | Orc:2    | Got a pitted golden ring
 27654 | Orc:2    | Identified the ring "Devyrury" {+Inv rF+ Int+2 Dex+6
                  | Slay+3} (You found it on level 2 of the Orcish Mines)
 28089 | D:12     | Noticed Snorg
 28100 | D:12     | Killed Snorg
 28317 | D:12     | Noticed Azrael
 28333 | D:12     | Killed Azrael
 28333 | D:12     | Reached XP level 15. HP: 85/99 MP: 19/19
 28666 | D:12     | Noticed Kirke
 28850 | D:12     | Killed Kirke
 28945 | D:12     | Reached skill level 5 in Stealth
 29156 | D:13     | Found a gate to the Vaults.
 29156 | D:13     | Noticed Urug
 29156 | D:13     | Noticed Rupert
 29589 | Lair:6   | Reached skill level 5 in Invocations
 30468 | Lair:6   | Found a staircase to the Slime Pits.
 30468 | Lair:6   | Found a viscous altar of Jiyva.
 31333 | D:6      | Noticed Grinder
 31346 | D:6      | Killed Maggie
 31361 | D:6      | Killed Eustachio
 31365 | D:6      | Killed Grinder
 31459 | D:6      | Killed Blork the orc
 31676 | Spider:1 | Entered Level 1 of the Spider Nest
 32130 | Spider:1 | HP: 7/150 [entropy weaver (4)]
 32130 | Spider:1 | Slain by an entropy weaver

Levels and vault maps discovered:
D:1:      lightli_arrival_maybe_door_vault, layout_loops_ring
D:2:      layout_loops_corners, first_ration, uniq_natasha, uniq_terence
D:3:      layout_loops_cross, lemuel_crystal_altar, kennysheep_generic_room_15
D:4:      layout_basic, old_standard_altar, minmay_temple_entry_offerings,
          serial_shops, kennysheep_mini, uniq_sigmund
D:5:      lemuel_upstairs_altar, layout_basic, gammafunk_ghost_grave,
          hangedman_abyss_or_decor_stabs, st_stairs_1
D:6:      layout_cave_pools, uniq_blork_the_orc, uniq_maggie, uniq_eustachio,
          uniq_grinder
D:7:      layout_cave_pools, old_standard_altar, nicolae_overflow_hidden_temple,
          basic_altar, grunt_ogre_cave
D:8:      layout_rooms, enter_bailey_8, basic_altar
D:9:      layout_irregular_city, nicolae_gozag_cash_rules_everything_around_me,
          erik_lair_orcish_takeover
D:10:     wad_guarded_room, layout_basic, special_room [special_room_bee],
          serial_park_tiny_2, grunt_ministairs_2, uniq_harold
D:11:     layout_roguey, orc_0_dummy, disabler_island
D:12:     layout_stronghold, uniq_kirke, uniq_snorg, uniq_azrael
D:13:     layout_cave_pools, david_vaults_3
Temple:   regret_index_temple_sphere_string
Lair:1:   layout_cave_pods, grunt_megastairs_5, lemuel_fruit_tree, uniq_joseph
Lair:2:   layout_cave_pods, uniq_fannar
Lair:3:   layout_gridlike, minmay_shoals_entry_beasts,
          grunt_forest_stairs_clearing, grunt_megastairs_2
Lair:4:   layout_cave_shapes, dummy_spider_entry
Lair:5:   layout_big_grid, portal_ice_cave_entry_ice_beasts, minivault_11,
          gammafunk_lair_bear_cave, uniq_nessos
Lair:6:   hangedman_lair_in_review, layout_gridlike, slime_altar_1,
          infiniplex_staircase_pool
Spider:1: layout_spider_delve, drop_trap
Orc:1:    layout_caves
Orc:2:    st_orc_elflike, layout_caves, serial_shops, shop, shop,
          shop_fountains, shop_coins, basic_altar, biasface_ghost_orc_armoury,
          minmay_orc_treasury, uniq_erolcha, uniq_rupert

Skill      XL: |  1  2  3  4  5  6  7  8  9 10 11 12 13 14 15 |
---------------+----------------------------------------------+-----
Armour         | 6 8 9 10 11 | 11.8
Crossbows      | 2 3 5 6 7 9 11 13 14 15 | 15.4
Dodging        | 1 2 3 4 5 6 7 |  7.7
Shields        | 1 3 4 |  4.0
Fighting       | 3 4 6 8 10 11 12 13 14 | 14.0
Stealth        | 1 2 3 4 5 |  5.4
Axes           | 3 7 10 11 12 | 12.5
Invocations    | 1 4 5 |  5.9
Evocations     | 2 |  2.1
Throwing       | |  1.0

Action                   |  1- 3 |  4- 6 |  7- 9 | 10-12 | 13-15 || total
-------------------------+-------+-------+-------+-------+-------++-------
Melee: War axe           |       |       |    21 |    40 |   580 ||   641
       Kick              |       |       |     8 |    13 |   234 ||   255
       Peck              |       |       |     4 |     6 |   153 ||   163
       Hand crossbow     |       |       |       |       |     1 ||     1
 Fire: Hand crossbow     |    45 |   127 |   278 |   639 |   832 ||  1921
Throw: Dart              |       |    10 |     7 |       |    32 ||    49
       Throwing net      |       |       |       |       |     8 ||     8
 Abil: Fly               |       |     1 |       |       |       ||     1
       Evoke Invisibilit |       |       |       |       |     3 ||     3
Evoke: Lamp of fire      |     1 |     1 |     2 |     1 |     2 ||     7
       Wand              |       |       |     4 |    40 |    15 ||    59
  Use: Potion            |     1 |     1 |       |     6 |    12 ||    20
       Scroll            |       |     2 |    14 |     8 |    10 ||    34
 Stab: Invisible         |       |       |       |     3 |    18 ||    21
       Paralysed         |       |       |       |       |     7 ||     7
       Held in net/web   |       |       |       |       |     2 ||     2
       Sleeping          |       |       |       |       |     1 ||     1
  Eat: Chunk             |       |     9 |    10 |    20 |    25 ||    64
       Ration            |       |       |     2 |     1 |     5 ||     8
Armor: Skin              |    21 |       |       |       |       ||    21
       Robe              |       |     6 |     8 |       |       ||    14
       Scale mail        |       |       |    14 |   162 |   350 ||   526
Dodge: Dodged            |     2 |    52 |    82 |   240 |   664 ||  1040
Block: Buckler           |       |       |     9 |    80 |   234 ||   323

Table legend:
 A = Non-vault XP
 B = Vault XP
 C = Vault XP percentage of total XP
 D = Non-vault monster count
 E = Vault monster count
 F = Vault count percentage of total count
                 A         B        C        D         E       F
            +---------+---------+-------+---------+---------+-------
      Total |   78738 |   42664 |  35.1 |     454 |     189 |  29.4
            +---------+---------+-------+---------+---------+-------
        D:1 |      32 |       0 |   0.0 |      15 |       0 |   0.0
        D:2 |     163 |      71 |  30.3 |      22 |       2 |   8.3
        D:3 |      59 |       2 |   3.3 |      11 |       1 |   8.3
        D:4 |     375 |     223 |  37.3 |      18 |       1 |   5.3
        D:5 |     573 |      19 |   3.2 |      10 |       2 |  16.7
        D:6 |     765 |     958 |  55.6 |      16 |       4 |  20.0
        D:7 |      60 |     118 |  66.3 |       4 |       1 |  20.0
        D:8 |     595 |     166 |  21.8 |      16 |       1 |   5.9
        D:9 |    1073 |     411 |  27.7 |      13 |       6 |  31.6
       D:10 |    1221 |    5454 |  81.7 |      23 |      41 |  64.1
       D:11 |    8551 |     649 |   7.1 |      54 |       1 |   1.8
       D:12 |    2665 |    6007 |  69.3 |      23 |      12 |  34.3
     Lair:1 |    4892 |     598 |  10.9 |      25 |       2 |   7.4
     Lair:2 |    5008 |    1648 |  24.8 |      19 |       4 |  17.4
     Lair:3 |    5408 |    1553 |  22.3 |      22 |       7 |  24.1
     Lair:4 |    8563 |     136 |   1.6 |      35 |       1 |   2.8
     Lair:5 |   14106 |    3442 |  19.6 |      45 |      12 |  21.1
     Lair:6 |   14500 |    6185 |  29.9 |      41 |      12 |  22.6
   Spider:1 |    6017 |       0 |   0.0 |      18 |       0 |   0.0
      Orc:1 |    1235 |     130 |   9.5 |      11 |       1 |   8.3
      Orc:2 |    2877 |   12539 |  81.3 |      13 |      45 |  77.6
     Bailey |       0 |     973 | 100.0 |       0 |      26 | 100.0
      IceCv |       0 |    1382 | 100.0 |       0 |       7 | 100.0
            +---------+---------+-------+---------+---------+-------
